Steven, neutral male gnomish Wizard ----- --------- |<..-- ------.......-- ------- |.....---|.........--..| |....)| --..|....|.---------|..| |.._..| |-.....---- ---- |.....| |.........|--- --- ---)--- ----.|....|..--- ...-- |.| -----..|....|.....---- |)| |..|(..)......@..---.- --......---. G.a...%.. |... |..h.... ---- -...-- G G .. | . Steven the Conjurer Experience level: 5 Strength: 9 Dexterity: 13 Constitution: 14 Intelligence: 19 Wisdom: 10 Charisma: 11 Health: 0(29) Energy: 2(48) Def: 7 Gold: 1928 Moves: 1520 Dungeon seed: pGMgS7c01eQbnZ80 Game ID: Steven_1440305805 Your Inventory: Coins $ - 1928 gold pieces Weapons a - a blessed +1 quarterstaff (weapon in hands) Armor e - an uncursed +0 cloak of magic resistance (being worn) r - an uncursed +0 dwarvish mithril-coat (being worn) N - a cursed +0 Hawaiian shirt Comestibles v - 2 uncursed tripe rations w - an uncursed sprig of wolfsbane E - 2 uncursed fortune cookies G - an uncursed lichen corpse Scrolls j - 2 uncursed scrolls of enchant weapon k - an uncursed scroll of water A - an uncursed scroll of identify D - a blessed scroll of identify J - a blessed scroll of teleportation K - an uncursed scroll of enchant armor L - a blessed scroll of blank paper M - 3 uncursed scrolls of blank paper Spellbooks l - a blessed spellbook of force bolt m - a blessed spellbook of magic missile n - an uncursed spellbook of haste self H - an uncursed spellbook of fireball Potions f - an uncursed potion of water h - an uncursed potion of monster detection t - an uncursed potion of blindness z - an uncursed potion of healing C - an uncursed potion of speed F - an uncursed potion of oil Rings c - an uncursed ring of stealth (on left hand) d - an uncursed ring of poison resistance (on right hand) q - an uncursed ring of sustain ability Wands b - an uncursed wand of fire (0:8) Tools o - an uncursed magic marker (0:32) Spells and supernatural/magical abilities: Name Level Category Fail Memory a - force bolt 1 attack 39% 93% m - magic missile 2 attack 3% 93% H - haste self 3 escape 100% 93% W - pray for help -- divine ? -- Your skills at the end: Fighting Skills Weapon Skills quarterstaff [Basic] Spellcasting Skills attack spells [Basic] enchantment spells [Basic] Final Attributes: You were fervently aligned. You were poison resistant. You were magic-protected. You had infravision. You were stealthy. You were unlucky. You are dead. Vanquished creatures: a ghost a watchman a dwarf lord an imp a red naga hatchling a guardian naga hatchling a little dog 4 dwarves 5 orc zombies an iguana a coyote 3 hobbits a large kobold a hobgoblin a gnome a gnome zombie 3 foxen a kobold a goblin 4 grid bugs a bat 3 lichens 3 newts 41 creatures vanquished. Voluntary challenges: You used a wielded weapon 46 times, starting on turn 38. You read items or engraved 1 time, starting on turn 482. You never genocided any monsters. You never polymorphed an object. You never changed form. You used no wishes. You never split a pudding. You never wrote Elbereth's name. You violated your moral code, losing 4 points of alignment, starting on turn 1496. Dungeon overview: The Dungeons of Doom: levels 1 to 4 Level 1 a fountain a long staircase Level 2 an altar to Thoth, a fountain Level 3 an altar to Anhur, a fountain stairs to The Gnomish Mines Level 4 The Gnomish Mines: levels 4 to 6 Level 4 stairs to The Dungeons of Doom Level 5 Level 6 <- You were here a temple to Ptah History has recorded: On T:1 you entered the Dungeons of Doom to retrieve the Amulet of Yendor! On T:328 you reached level 2 of The Dungeons of Doom. On T:456 you reached level 3 of The Dungeons of Doom. On T:705 you reached level 4 of The Dungeons of Doom. On T:864 you advanced to experience level 2. On T:970 you reached level 1 of The Gnomish Mines. On T:1004 you advanced to experience level 3. On T:1009 you reached level 2 of The Gnomish Mines. On T:1050 you advanced to experience level 4. On T:1313 you reached level 3 of The Gnomish Mines. On T:1344 you advanced to experience level 5. Score breakdown: Gold: 1928 ( 192 points) Experience: 5 levels ( 400 points) Exploration: 6 levels ( 150 points) Discoveries: 0 items ( 0 points) Variety of kills: 23 monsters ( 1150 points) Major goal: (nothing yet) ( 0 points) Survival: died (score multiplied by 3) Total score: 5676 Latest messages: H - an uncursed light green spellbook. You have a little trouble lifting C - an uncursed brown potion. You have a little trouble lifting B - a cursed golden potion. You have a little trouble lifting F - an uncursed potion of oil. You have a little trouble lifting z - an uncursed purple-red potion. Your movements are slowed slightly because of your load. Your movements are now unencumbered. The soldier ant bites! The soldier ant stings! The soldier ant bites! The soldier ant stings! You die... Final status: Goodbye Steven the Wizard, killed by a soldier ant... You died in The Gnomish Mines on dungeon level 6 with 5676 points, and 1928 pieces of gold, after 1520 moves. You were level 5 with a maximum of 29 hit points when you died.